Map: Newkirk Precinct TE (Void)

Players

Serral

  • Race: Zerg Zerg
  • Spawn Location: 5:00

Dark - Winner!

  • Race: Zerg Zerg
  • Spawn Location: 7:00

Event: IEM XI Katowice - World Championship 2017

VOD

Have the link to the VOD?

Description

Time

  • Played on: March 4, 2017, 1:20 p.m.
  • Length: 4:54

All games in this series

Show
View Real Time Build Order
Export as new Build Order

Serral Zerg 

Build Orders: Pool First 

Get SALT Encoding   

  12  0:00  Drone  
  13  0:13  Overlord  
  13  0:18  Drone  
  14  0:32  Drone x2  
  16  0:36  Drone  
  17  0:46  Extractor  
  17  0:47  Drone  
  17  0:54  Spawning Pool  
  16  0:57  Drone  
  17  1:07  Drone  
  18  1:23  Hatchery  
  17  1:27  Drone  
  17  1:31  Drone  
  19  1:41  Queen  
  19  1:47  Zergling x2  
  22  1:52  Metabolic Boost  
  22  1:58  Overlord  
  22  2:06  Baneling Nest  
  21  2:08  Drone  
  22  2:18  Queen  
  22  2:21  Drone  
  25  2:25  Drone  
  26  2:33  Drone  
  27  2:37  Drone  
  27  2:44  Drone  
  29  2:46  Drone  
  30  2:51  Zergling x4  
  30  2:52  Zergling x2  
  30  2:57  Zergling x2  
  34  2:59  Zergling x2  
  34  3:09  Hatchery  
  34  3:12  Baneling  
  33  3:16  Overlord  
  35  3:20  Drone x2  
  35  3:26  Extractor  
  34  3:27  Zergling x2  
  34  3:28  Overlord  
  34  3:31  Baneling x2  
  36  3:35  Drone x2  
  36  3:37  Drone  
  39  3:42  Drone x2  
  39  3:45  Drone  
  39  3:46  Baneling x2  
  41  3:49  Drone  
  41  3:52  Drone  
  41  3:54  Drone  
  44  3:56  Drone  
  44  3:59  Zergling x2  
  44  4:00  Zergling x2  
  47  4:03  Zergling x2  
  47  4:07  Zergling x4  
  47  4:09  Zergling x2  
  47  4:11  Baneling x2  
  47  4:15  Zergling x4  
  49  4:23  Zergling x4  
  41  4:32  Drone x2  
  41  4:36  Drone  
Show
View Real Time Build Order
Export as new Build Order

Dark Zerg - Winner!

Build Orders: Hatch First, Zergling Baneling 

Get SALT Encoding   

  12  0:00  Drone  
  13  0:13  Overlord  
  13  0:17  Drone  
  14  0:31  Drone x2  
  16  0:36  Drone  
  17  0:49  Drone  
  18  0:56  Hatchery  
  17  1:01  Drone  
  18  1:04  Extractor  
  17  1:15  Spawning Pool  
  17  1:17  Drone  
  17  1:20  Drone  
  18  1:29  Drone  
  19  1:41  Overlord  
  19  1:52  Drone  
  20  2:01  Queen  
  20  2:02  Zergling x2  
  20  2:05  Metabolic Boost  
  20  2:07  Queen  
  20  2:08  Zergling x2  
  26  2:12  Drone  
  27  2:19  Drone  
  28  2:23  Drone  
  28  2:26  Baneling Nest  
  28  2:35  Drone x2  
  30  2:46  Overlord  
  30  2:48  Drone  
  31  2:54  Zergling x2  
  31  2:57  Drone  
  33  3:07  Drone  
  33  3:12  Baneling x2  
  34  3:14  Drone  
  34  3:17  Zergling x4  
  34  3:18  Zergling x2  
  34  3:19  Hatchery  
  37  3:20  Zergling x2  
  37  3:21  Zergling x2  
  37  3:26  Zergling x2  
  40  3:27  Zergling x2  
  40  3:29  Zergling x2  
  41  3:36  Baneling x2  
  41  3:40  Baneling x2  
  41  3:46  Zergling x6  
  44  3:53  Overlord  
  44  3:54  Overlord  
  44  4:08  Zergling x4  
  44  4:09  Baneling x2  
  44  4:15  Zergling x2  
  45  4:20  Baneling x3  
  45  4:23  Zergling x6  
  45  4:24  Zergling x6  
  49  4:27  Drone x4  
  51  4:37  Zergling x2  
  48  4:48  Roach Warren, Extractor  

Tags
 
Add a new tag
Caveats
  • Supply blocks, unpowered buildings, or Contaminate may cause inaccurate times.
  • Supply counts are checked every 10 seconds.